 Dungeon Sprint DCSS version 0.29.1-15-g9cfb28693d (webtiles) character file.

Game seed: 6065094874251572887

4165 Groucho the Covert (level 10, -3/46 HPs)
             Began as a Spriggan Earth Elementalist on Apr 6, 2023.
             Was the Champion of Dithmenos.
             Killed by the air
             ... invoked by Gastronok
              (37 damage)
             ... in the Dungeon (Sprint VII: "The Pits").
             The game lasted 00:06:18 (2754 turns).

Groucho the Covert (Spriggan Earth Elementalist)    Turns: 2754, Time: 00:06:19

Health: -3/46      AC:  5    Str: 11    XL:     10   Next: 7%
Magic:  0/26       EV: 27    Int: 17    God:    Dithmenos [******]
Gold:   0          SH:  0    Dex: 19    Spells: 27/31 levels left

rFire   . . .      SeeInvis +   m - +1 dagger (venom)
rCold   . . .      Faith    .   (no shield)
rNeg    . . .      Spirit   .   n - +0 steam dragon scales
rPois   .          Reflect  .   (helmet restricted)
rElec   .          Harm     .   (no cloak)
rCorr   .          Rampage  .   (gloves unavailable)
Will    +....      NoTele   +   (boots unavailable)
Stlth   ++++++++++              (no amulet)
HPRegen 0.15/turn               a - +3 ring of strength
MPRegen 0.20/turn               o - +3 ring of dexterity

@: wreathed by umbra, very quick
A: very small, no large weapons, unfitting armour, see invisible, speed 3
a: Renounce Religion, Shadow Step, Shadow Form


You were in the Dungeon.
You worshipped Dithmenos.
Dithmenos was exalted by your worship.
You visited 1 branch

Inventory:

Hand Weapons
 h - a +2 dagger
 m - a +1 dagger of venom (weapon)
 s - a +2 rapier of venom
Missiles
 j - 10 stones
Armour
 n - +0 steam dragon scales (worn)
Jewellery
 a - a +3 ring of strength (left hand)
 o - a +3 ring of dexterity (right hand)
Scrolls
 k - 5 scrolls of amnesia
 l - a scroll of summoning
Potions
 b - 5 potions of magic
 c - 8 potions of curing
 d - 9 potions of heal wounds
 e - 2 potions of haste
 f - 3 potions of berserk rage
 i - 2 potions of invisibility
 p - 2 potions of mutation
 q - a potion of brilliance
 r - 2 potions of might


   Skills:
 + Level 2.0 Fighting
 + Level 8.7 Short Blades
 + Level 1.8 Armour
 + Level 12.2 Dodging
 - Level 14.0 Stealth
 + Level 11.2 Spellcasting
 + Level 6.8 Conjurations
 - Level 1.3 Transmutations
 + Level 12.0 Earth Magic
 + Level 2.4 Invocations


You had 27 spell levels left.
You knew the following spells:

 Your Spells              Type           Power      Damage    Failure   Level
a - Sandblast             Erth           100%       2d20      1%          1
b - Stone Arrow           Conj/Erth      82%        3d12      1%          3

Your spell library contained the following spells:

 Spells                   Type           Power      Damage    Failure   Level
 Passwall                 Tmut/Erth      26%        N/A       1%          2
 Petrify                  Tmut/Erth      32%        N/A       4%          4


Dungeon Overview and Level Annotations

Branches:
Dungeon (1/1)

Altars:
Ashenzari
Cheibriados
Dithmenos
Elyvilon
Fedhas
Gozag
Hepliaklqana
Kikubaaqudgha
Makhleb
Nemelex Xobeh
Okawaru
Qazlal
Ru
Sif Muna
Trog
Uskayaw
Vehumet
Wu Jian
Xom
Yredelemnul
Zin
The Shining One
Jiyva
Lugonu

Annotations:
D Gastronok


Innate Abilities, Weirdness & Mutations

You are very small and have problems with some larger weapons.
You are too small for most types of armour.
You have supernaturally acute eyesight. (SInv)
You cover ground extremely quickly. (Speed+++)


Message History

You kill the cane toad!
Dithmenos accepts your kill.
Your shadow mimicks your spell!
Gastronok glows a brilliant shade of cerise.
Your Fighting skill increases to level 2!
Your Earth Magic skill increases to level 12!
Unknown command.
Casting: Stone Arrow (safe; 1% risk of failure)
Confirm with . or Enter, or press ? or * to list all spells.
Aiming: Stone Arrow (safe; 1% risk of failure)
Press: ? - help, Shift-Dir - straight line, f - Gastronok
Aim: Gastronok, wearing a +1 hat of see invisible (black smoke, severely wounded, umbra, 100% to hit)
The stone arrow hits Gastronok!
Gastronok is severely wounded.
Unknown command.
Unknown command.
Casting: Stone Arrow (safe; 1% risk of failure)
Confirm with . or Enter, or press ? or * to list all spells.
Aiming: Stone Arrow (safe; 1% risk of failure)
Press: ? - help, Shift-Dir - straight line, f/p - Gastronok
Aim: Gastronok, wearing a +1 hat of see invisible (black smoke, severely wounded, umbra, 100% to hit)
The stone arrow hits Gastronok!
Gastronok is severely wounded.
Your shadow mimicks your spell!
The shadow shard hits Gastronok!
Unknown command.
Unknown command.
Casting: Stone Arrow (safe; 1% risk of failure)
Confirm with . or Enter, or press ? or * to list all spells.
Aiming: Sandblast (safe; 1% risk of failure)
Press: ? - help, Shift-Dir - straight line, f/p - Gastronok
Aim: Gastronok, wearing a +1 hat of see invisible (almost dead, umbra, 100% to hit)
The blast of sand hits Gastronok but does no damage.
Gastronok is almost dead.
Unknown command.
Unknown command.
Gastronok waves his eye-stalks in wide circles.
The air twists around and strikes you!!!
Ouch! That really hurt!
You die...

#'#####'#####''######
..##.......##''########
..##.......##......+..+
####.......##......+..+
..##...<...##.....##..##
..##.......##...###....###
..##.......##..##........##
####.......##''#...#..#...#
..###########...@...))....+
)############++#..†#..#...#
)#....#..[[##..##[.B....)## .
'#....#..[[##...###w§§.###...
['....'..).##.....##§§##.....
'#....#..))# #.....§§§§B....#
)#....#..))# ###...'.§§...###
############ ############


You could see Gastronok and a giant cockroach.

Vanquished Creatures
  Erica (D)
  A deep troll (D)
  A deep elf zephyrmancer (D)
  A lindwurm (D)
  A smoke demon (D)
  A cane toad (D)
  A guardian mummy (D)
  A hellwing (D)
  A ynoxinul (D)
  A basilisk (D)
  2 steam dragons (D)
  A sky beast (D)
  A black bear (D)
  A necrophage (D)
  5 killer bees (D)
  A crimson imp (D)
  An orc wizard (D)
  2 gnolls (D)
  An adder (D)
  An adder zombie (D)
  9 orcs (D)
  An endoplasm (D)
  2 giant cockroaches (D)
  2 jackals (D)
  3 kobolds (D)
  A quokka zombie (D)
  A rat (D)
45 creatures vanquished.

Notes
Turn   | Place    | Note
-------+----------+-------------------------------------------
     0 | D        | Groucho the Spriggan Earth Elementalist began the quest for
                  | the Orb.
     0 | D        | Reached XP level 1. HP: 9/9 MP: 5/5
    24 | D        | Reached skill level 4 in Stealth
    24 | D        | Reached XP level 2. HP: 10/13 MP: 2/7
    61 | D        | Found a glowing golden altar of the Shining One.
    61 | D        | Found a glowing silver altar of Zin.
    61 | D        | Found a basalt altar of Yredelemnul.
    61 | D        | Found a shimmering altar of Xom.
    61 | D        | Found an ornate altar of the Wu Jian Council.
    61 | D        | Found a bloodstained altar of Trog.
    61 | D        | Found a shimmering blue altar of Sif Muna.
    61 | D        | Found a sacrificial altar of Ru.
    61 | D        | Found a stormy altar of Qazlal.
    61 | D        | Found an iron altar of Okawaru.
    61 | D        | Found a sparkling altar of Nemelex Xobeh.
    61 | D        | Found a burning altar of Makhleb.
    61 | D        | Found a viscous altar of Jiyva.
    61 | D        | Found a hazy altar of Hepliaklqana.
    61 | D        | Found an opulent altar of Gozag.
    61 | D        | Found a blossoming altar of Fedhas.
    61 | D        | Found a white marble altar of Elyvilon.
    61 | D        | Found a shadowy altar of Dithmenos.
    61 | D        | Found a snail-covered altar of Cheibriados.
    62 | D        | Found a radiant altar of Vehumet.
    62 | D        | Found a corrupted altar of Lugonu.
    63 | D        | Found an ancient bone altar of Kikubaaqudgha.
    63 | D        | Found a hide-covered altar of Uskayaw.
    63 | D        | Found a broken altar of Ashenzari.
    68 | D        | Became a worshipper of Dithmenos the Shadowed
   106 | D        | Reached * piety under Dithmenos
   127 | D        | Reached ** piety under Dithmenos
   435 | D        | Reached skill level 5 in Stealth
   435 | D        | Reached XP level 3. HP: 16/16 MP: 7/9
   456 | D        | Reached *** piety under Dithmenos
   510 | D        | Learned a level 3 spell: Stone Arrow
   512 | D        | Noticed a black bear
   527 | D        | Killed a black bear
   528 | D        | Reached skill level 5 in Dodging
   528 | D        | Reached skill level 7 in Stealth
   528 | D        | Reached skill level 5 in Spellcasting
   528 | D        | Reached skill level 5 in Earth Magic
   528 | D        | Reached XP level 4. HP: 15/21 MP: 4/12
   536 | D        | Reached **** piety under Dithmenos
   537 | D        | Reached XP level 5. HP: 14/24 MP: 0/14
   735 | D        | Noticed a sky beast
   748 | D        | Killed a sky beast
   749 | D        | Reached skill level 8 in Stealth
  1038 | D        | Reached XP level 6. HP: 17/28 MP: 16/16
  1046 | D        | Reached ***** piety under Dithmenos
  1459 | D        | Noticed a steam dragon
  1461 | D        | Killed a steam dragon
  1462 | D        | Reached skill level 9 in Stealth
  1525 | D        | Noticed a smoke demon
  1528 | D        | Noticed a basilisk
  1536 | D        | Killed a smoke demon
  1537 | D        | Reached skill level 5 in Short Blades
  1537 | D        | Reached skill level 10 in Stealth
  1537 | D        | Reached XP level 7. HP: 26/32 MP: 5/19
  1633 | D        | Killed a basilisk
  1634 | D        | Reached skill level 11 in Stealth
  1991 | D        | Noticed a ynoxinul
  1991 | D        | Noticed a hellwing
  1993 | D        | Killed a ynoxinul
  1994 | D        | Reached XP level 8. HP: 32/36 MP: 16/21
  1995 | D        | Killed a hellwing
  1996 | D        | Reached skill level 5 in Conjurations
  1996 | D        | Reached skill level 10 in Earth Magic
  2028 | D        | Noticed a deep troll
  2029 | D        | Noticed a deep elf zephyrmancer
  2030 | D        | Killed a deep troll
  2031 | D        | Reached skill level 10 in Dodging
  2031 | D        | Reached skill level 12 in Stealth
  2031 | D        | Noticed a guardian mummy
  2031 | D        | Noticed Erica
  2032 | D        | Killed a deep elf zephyrmancer
  2033 | D        | Reached skill level 13 in Stealth
  2033 | D        | Reached skill level 10 in Spellcasting
  2033 | D        | Reached XP level 9. HP: 32/39 MP: 14/24
  2035 | D        | Killed Erica
  2038 | D        | Killed a guardian mummy
  2434 | D        | Noticed a lindwurm
  2439 | D        | Reached ****** piety under Dithmenos
  2446 | D        | Reached skill level 14 in Stealth
  2446 | D        | Reached skill level 1 in Invocations
  2447 | D        | Reached skill level 1 in Fighting
  2448 | D        | Killed a lindwurm
  2449 | D        | Reached skill level 1 in Armour
  2449 | D        | Reached XP level 10. HP: 36/46 MP: 2/26
  2738 | D        | Noticed a cane toad
  2738 | D        | Noticed Gastronok
  2750 | D        | Killed a cane toad
  2754 | D        | Killed from afar by Gastronok

Illustrated notes

Levels and vault maps discovered:
D:        pitsprint [storerooms_1, entrance_room_1, metal_vault_4, armoury_1,
          mini_pit_1, grid_room_1, main_hall_1, silver_pit, the_coven_2,
          the_vestibule_1, steel_vault_2, golden_pit, hallway_of_sentries,
          crystal_vault_3, iron_vault_3, final_vault]

Skill      XL: |  1  2  3  4  5  6  7  8  9 10 |
---------------+-------------------------------+-----
Dodging        | 3 4 5 6 7 9 11 12 | 12.2
Stealth        | 4 5 7 8 10 11 13 14 | 14.0
Spellcasting   | 3 4 5 6 8 10 11 | 11.2
Earth Magic    | 3 4 5 6 7 9 11 12 | 12.0
Conjurations   | 2 3 4 5 6 |  6.8
Short Blades   | 2 5 7 8 |  8.7
Invocations    | 2 |  2.4
Fighting       | 1 2 |  2.0
Armour         | 1 |  1.8
Transmutations | |  1.3

Action                   |  1- 3 |  4- 6 |  7- 9 | 10-12 || total
-------------------------+-------+-------+-------+-------++-------
Melee: Dagger            |     7 |    18 |     8 |       ||    33
 Cast: Sandblast         |    21 |    12 |     3 |     1 ||    37
       Stone Arrow       |       |     6 |    11 |     9 ||    26
Invok: Shadow Step       |       |       |     5 |       ||     5
  Use: Scroll            |       |       |     1 |       ||     1
       Potion            |       |       |       |     1 ||     1
 Stab: Sleeping          |     2 |     6 |     8 |       ||    16
Armor: Robe              |     2 |     2 |       |       ||     4
Dodge: Dodged            |    16 |    18 |    20 |     4 ||    58
